 Dungeon Crawl Stone Soup version 0.30.0-29-ga12c61a403 (webtiles) character file.

Game seed: 13228053808625379272

37 Jannitor the Trooper (level 3, -7/45 HPs)
             Began as a Hill Orc Warper on June 5, 2023.
             Mangled by a gnoll
             ... wielding a +0 flail
              (9 damage)
             ... on level 2 of the Dungeon.
             The game lasted 00:01:49 (1342 turns).

Jannitor the Trooper (Hill Orc Warper)              Turns: 1342, Time: 00:01:49

Health: -7/45      AC:  4    Str: 13    XL:     3   Next: 39%
Magic:  5/5        EV: 11    Int: 15    God:
Gold:   105        SH:  0    Dex: 10    Spells: 5/5 levels left

rFire   . . .        a - +0 mace
rCold   . . .        (no shield)
rNeg    . . .        b - +0 leather armour
rPois   .            (no helmet)
rElec   .            (no cloak)
rCorr   .            h - +0 pair of gloves
SInv    .            (no boots)
Will    .....        (no amulet) Stlth
                     (no ring)
HPRegen 0.27/turn    (no ring)
MPRegen 0.09/turn

%: no passive effects
@: berserking (expiring), very quick
A: no striking features
a: no special abilities


You were on level 2 of the Dungeon.
You visited 1 branch of the dungeon, and saw 2 of its levels.

You collected 105 gold pieces.

Inventory:

Hand Weapons
 a - a +0 mace (weapon)
Missiles
 d - 7 boomerangs of dispersal (quivered)
Armour
 b - a +0 leather armour (worn)
 h - a +0 pair of gloves (worn)
Scrolls
 c - a scroll of blinking
 f - 2 scrolls of identify {unknown}
 g - a scroll of teleportation {unknown}
 i - a scroll of immolation
 j - a scroll of noise {unknown}
 m - a scroll of enchant armour {unknown}
 n - a scroll of brand weapon {unknown}
 o - a scroll of silence {unknown}
Potions
 e - a potion of curing
 k - a potion of berserk rage
 l - a potion of degeneration {unknown}
 p - a potion of brilliance {unknown}


   Skills:
 + Level 2.8 Fighting
 + Level 2.6 Maces & Flails
 + Level 1.2 Throwing
 + Level 1.5 Armour
 + Level 1.9 Dodging
 + Level 1.8 Spellcasting
 + Level 2.5 Translocations


You had 5 spell levels left.
You didn't know any spells.
Your spell library contained the following spells:

 Spells                   Type           Power      Damage    Failure   Level
 Blink                    Tloc           18%        N/A       16%         2
 Lesser Beckoning         Tloc           18%        N/A       16%         2
 Teleport Other           Tloc           9%         N/A       30%         3
 Cigotuvi's Dreadful Rot  Necr/Pois/Air  2%         N/A       41%         2
 Vhi's Electric Charge    Tloc/Air       10%        N/A       45%         3
 Ignite Poison            Fire/Tmut/Pois 1%         N/A       65%         3
 Manifold Assault         Tloc           9%         N/A       69%         4
 Freezing Cloud           Conj/Ice/Air   0%         6-21      100%        5


Dungeon Overview and Level Annotations

Branches:
Dungeon (2/15)

Altars:


Message History

You closely miss the hobgoblin.
The hobgoblin hits you but does no damage.
You hit the hobgoblin but do no damage. The hobgoblin barely misses you.
You hit the hobgoblin but do no damage.
The hobgoblin hits you but does no damage.
You completely miss the hobgoblin. The hobgoblin hits you.
The hobgoblin hits you but does no damage.
You hit the hobgoblin.
You kill the hobgoblin!
You hit the gnoll but do no damage. The gnoll misses you.
It was a potion of curing.
You feel better. The gnoll hits you with a +0 flail!
You hit the gnoll.
The gnoll is lightly wounded.
The gnoll hits you with a +0 flail. The gnoll barely misses you.
You closely miss the gnoll.
The gnoll is lightly wounded.
The gnoll hits you with a +0 flail!
It was a potion of berserk rage.
A red film seems to cover your vision as you go berserk!
You feel yourself moving faster!
You feel mighty! The gnoll hits you with a +0 flail.
You hit the gnoll.
The gnoll is moderately wounded.
The gnoll hits you with a +0 flail!
* * * LOW HITPOINT WARNING * * *
You hit the gnoll.
The gnoll is severely wounded.
The gnoll hits you with a +0 flail!
* * * LOW HITPOINT WARNING * * *
You are too berserk!
You barely miss the gnoll.
The gnoll is severely wounded.
Unknown command.
You hit the gnoll.
The gnoll is severely wounded.
The gnoll barely misses you.
You sock the gnoll!
You kill the gnoll!
You barely miss the gnoll. The gnoll hits you with a +0 flail!
You die...

.# #.# .# #<# .# #.#
.######.#############
........[...........#####
.####.....######........#
.# ##...## #..).....# ##
##.## #.##.##..# # #.#
#@##.##..# # #.#
#g##.##..# # #+#
#g##.##..# # #.##.##..# #
#w.......# # #.......##
### . ####....#### ..+ ..
+.......# ### ...
####....#


You could see 2 gnolls and a dart slug.

Vanquished Creatures
  A gnoll (D:2)
  2 endoplasms (D:1)
  2 giant cockroaches
  3 goblins
  2 hobgoblins
  2 jackals (D:1)
  2 quokkas (D:1)
  4 ball pythons
  A bat (D:1)
  3 kobolds
  3 rats (D:1)
25 creatures vanquished.

Notes
Turn   | Place    | Note
-------+----------+-------------------------------------------
     0 | D:1      | Jannitor the Hill Orc Warper began the quest for the Orb.
     0 | D:1      | Reached XP level 1. HP: 18/18 MP: 3/3
   130 | D:1      | Reached skill level 1 in Throwing
   216 | D:1      | Reached XP level 2. HP: 21/25 MP: 4/4
   421 | D:1      | Found a faded altar of an unknown god.
  1252 | D:2      | Reached XP level 3. HP: 30/30 MP: 5/5
  1338 | D:2      | HP: 1/45 [gnoll/+0 flail (7)]
  1342 | D:2      | Mangled by a gnoll

Illustrated notes

Levels and vault maps discovered:
D:1:      co_arrival_square_in_a_square_in_a_square, layout_basic,
          hellmonk_ecumenical_altar_blasted, minmay_bisected
D:2:      layout_loops_corners, serial_bayou_ford_a

Skill      XL: |  1 |
---------------+----+-----
Throwing       | 1 |  1.2
Fighting       | |  2.8
Maces & Flails | |  2.6
Armour         | |  1.5
Dodging        | |  1.9
Spellcasting   | |  1.8
Translocations | |  2.5

Action                     || total
---------------------------++-------
  Melee: Mace              ||    87
         Punch             ||     2
    Use: Potion            ||     2
 Armour: Leather armour    ||    34
  Dodge: Dodged            ||    63
